 Dungeon Crawl Stone Soup version 0.22-a0-858-g985ef60 (webtiles) character file.

183388 Kuinu the Warrior (level 17, 0/172 HPs)
             Began as a Minotaur Fighter on July 27, 2018.
             Was a High Priest of Trog.
             Succumbed to a swamp dragon's poison gas
             ... on level 4 of the Swamp on July 28, 2018.
             The game lasted 02:02:59 (32006 turns).

Kuinu the Warrior (Minotaur Fighter)               Turns: 32006, Time: 02:03:00

Health: 0/172      AC: 34    Str: 31    XL:     17   Next: 74%
Magic:  16/16      EV:  6    Int:  5    God:    Trog [*****.]
Gold:   1468       SH: 24    Dex: 17    Spells: 16/16 levels left

rFire    + . .     SeeInvis .   i - +5 scimitar (slice)
rCold    . . .     Gourm    .   y - +2 large shield {rF+}
rNeg     . . .     Faith    +   R - +4 plate armour of Foolhardiness {Dex+4}
rPois    .         Spirit   .   (helmet restricted)
rElec    .         Reflect  .   a - +1 cloak
rCorr    .         Harm     .   X - +0 pair of gloves {Dex+3}
MR       +++..                  J - +1 pair of boots
Stlth    ..........             C - amulet of faith
HPRegen  1.38/turn              m - +6 ring of protection
MPRegen  0.15/turn              I - +3 ring of strength

@: lethally poisoned (0 -> -12), berserk cooldown, regenerating, slowed, very
slow
A: retaliatory headbutt, horns 2
a: Berserk, Trog's Hand, Brothers in Arms, Renounce Religion


You were on level 4 of the Swamp.
You worshipped Trog.
Trog was extremely pleased with you.
You were not hungry.

You visited 5 branches of the dungeon, and saw 28 of its levels.
You also visited: Labyrinth, Sewer, Bailey and Volcano.

You collected 2716 gold pieces.
You spent 1248 gold pieces at shops.

Inventory:

Hand Weapons
 c - a +2 triple sword of flaming
 i - a +5 scimitar of slicing (weapon)
 D - the +7 spear "Xoryo" {pierce, rF+ rC+ Dex+4}
   (You found it on level 14 of the Dungeon)

   It inflicts extra damage upon your enemies.
   It affects your dexterity (+4).
   It protects you from fire.
   It protects you from cold.
 O - a +4 scimitar of freezing
 V - a +3 antimagic double sword
Armour
 a - a +1 cloak (worn)
 o - a +2 plate armour of fire resistance
 y - a +2 large shield of fire resistance (worn)
 J - a +1 pair of boots (worn)
 R - the +4 plate armour of Foolhardiness (worn) {Dex+4}
   (You found it on level 1 of the Lair of Beasts)

   It affects your dexterity (+4).
 X - a +0 pair of gloves of dexterity (worn)
Jewellery
 l - a +2 amulet of reflection
 m - a +6 ring of protection (left hand)
 r - a +3 ring of protection
 w - an uncursed ring of resist corrosion
 C - an amulet of faith (around neck)
 I - a +3 ring of strength (right hand)
 P - an uncursed amulet of the acrobat
 Y - an uncursed amulet of regeneration
Wands
 b - a wand of clouds (8)
 p - a wand of iceblast (9)
 s - a wand of random effects (65)
 t - a wand of flame (12)
 A - a wand of digging (10)
 L - a wand of polymorph (47)
 N - a wand of enslavement (10)
 S - a wand of paralysis (18)
 Z - a wand of acid (15)
Scrolls
 d - a scroll of vulnerability {unknown}
 k - 3 scrolls of fog
 q - 5 scrolls of blinking
 u - 10 scrolls of magic mapping
 v - 2 scrolls of fear
 z - 9 scrolls of enchant weapon
 E - 6 scrolls of remove curse
 F - 3 scrolls of silence
 M - 4 scrolls of teleportation
 Q - 8 scrolls of immolation
 T - 8 scrolls of identify
 U - 9 scrolls of enchant armour
Potions
 g - 3 potions of lignification
 h - 6 potions of brilliance
 j - 7 potions of mutation
 n - 3 potions of invisibility
 x - a potion of cancellation
 B - a potion of haste
 H - 3 potions of flight
Comestibles
 f - 17 rations
 G - 6 chunks of flesh


   Skills:
 * Level 20.8 Fighting
 * Level 20.7 Long Blades
 + Level 15.7 Armour
 + Level 15.6 Shields


You had 16 spell levels left.
You didn't know any spells.
Your spell library contained the following spells:

 Spells                   Type           Power        Failure   Level  Hunger
 Deflect Missiles         Chrm/Air       #.........   100%        6    #######
 Silence                  Hex/Air        #.........   100%        5    ######.
 Conjure Ball Lightning   Conj/Air       #.........   100%        6    #######
 Tornado                  Air            #.........   100%        9    #######
 Summon Lightning Spire   Summ/Air       #.......     100%        4    #####..


Dungeon Overview and Level Annotations

Branches:
Dungeon (15/15)            Temple (1/1) D:7            Lair (6/6) D:8
  Swamp (4/4) Lair:3       Spider (0/4) Lair:4        Slime (0/5) Lair:5
    Orc (2/2) D:12            Elf (0/3) Orc:2        Vaults (0/5) D:13
 Depths (0/5) D:15

Altars:
Ashenzari
Cheibriados
Dithmenos
Elyvilon
Fedhas
Gozag
Kikubaaqudgha
Makhleb
Nemelex Xobeh
Okawaru
Qazlal
Ru
Sif Muna
Trog
Uskayaw
Vehumet
Wu Jian
Xom
Yredelemnul
Zin
The Shining One
Beogh

Shops:
Orc:2 *}(

Portals:
Pandemonium: Orc:2

Annotations:
Lair:3 3 runed doors, Bouck's ghost, journeyman MiBe; Kufareon's ghost, journeyman OpFi
Lair:6 exclusion: 2 oklob plants
Swamp:1 3 runed doors, Aviak's ghost, adept MiBe; DEFE's ghost, journeyman DgEn; NorthaanB's ghost, journeyman OpAs; lurker's ghost, journeyman GnFi


Innate Abilities, Weirdness & Mutations

You reflexively headbutt those who attack you in melee.
You have a pair of horns on your head.


Message History

* * * LOW HITPOINT WARNING * * *
You block the bog body's attack.
You slice the bog body!!
You feel the power of Trog in you as your rage grows.
You destroy the bog body!
Trog accepts your kill.
Trog appreciates your killing of a magic user.
* * * LOW HITPOINT WARNING * * *
You feel very sick.
* * * LOW HITPOINT WARNING * * *
You feel sick.
You feel a strong urge to attack something.
You feel the effects of Trog's Hand fading.
* * * LOW HITPOINT WARNING * * *
You feel very sick.
A bog body comes into view.
You are no longer berserk.
You are exhausted.
You feel yourself slow down.
You die...

♣♣♣♣♣♣♣♣ ♣.≈♣≈≈§♣♣
♣♣♣♣♣♣♣♣♣
♣♣≈..≈≈.≈♣♣♣..≈≈...♣♣♣♣§
≈♣≈...≈...♣≈.≈≈.≈≈§..♣..
<.≈..≈§≈.≈.≈.≈≈≈≈≈≈≈..≈≈≈$≈
≈♣..§≈≈≈≈≈.≈..≈≈≈≈≈≈.♣≈≈≈≈≈
≈♣^.≈≈≈≈..♣♣♣♣≈≈≈≈≈≈..≈≈≈≈≈
♣♣♣≈≈§≈♣♣♣♣♣♣.≈≈§≈≈≈≈.≈≈≈≈
♣....♣ ♣.≈≈≈@≈.≈≈..n≈
♣≈.≈.♣♣♣♣♣..≈≈.♣♣≈..♣♣
♣♣....≈.≈....≈†.....♣
♣≈.≈≈≈..≈♣♣♣♣≈.≈...≈♣♣≈..
♣≈≈≈.♣♣♣♣# ##≈≈≈..≈..≈≈≈
♣♣♣♣♣♣ ####n#.#..##
..≈..P..# .8.....8.# ♣♣♣♣
#.........#


You could see 2 bog bodies.

Vanquished Creatures
  Rupert (D:14)
  2 thorn hunters (Swamp:3)
  Agnes (D:15)
  A fire giant (D:15)
  The ghost of azzavlup the Warrior, a journeyman MiBe of Trog (Lair:6)
  3 orc warlords
  A very ugly thing (Swamp:1)
  A minotaur (Lab)
  A dire elephant (Lair:6)
  Snorg (Lair:4)
  An ogre mage (D:14)
  Fannar (Lair:3)
  23 hydras
  2 catoblepae
  Erica (D:8)
  2 ghost crabs (Swamp:4)
  3 centaur warriors
  5 tengu warriors
  9 two-headed ogres
  2 death knights
  12 alligators
  7 death yaks (Lair:6)
  A deep troll shaman (Lair:6)
  9 orc high priests
  Sonja (D:15)
  2 soul eaters (Orc:2)
  A skeletal warrior (D:15)
  6 unseen horrors
  A torturous demonspawn (Orc:2)
  2 spriggan druids
  A shambling mangrove (Swamp:4)
  A gelid demonspawn (Orc:2)
  A phantasmal warrior (D:13)
  13 swamp dragons
  Pikel (D:6)
  8 orc knights
  A wolf spider zombie (D:14)
  3 deep elf magi
  6 cyclopes
  15 ugly things
  2 manticores
  A salamander (Volcano)
  6 orc sorcerers
  13 elephants (Lair:6)
  A rust devil (Orc:2)
  3 centaur zombies
  4 black mambas
  Psyche (D:9)
  A smoke demon (Orc:2)
  Maurice (Orc:1)
  21 spiny frogs
  3 gargoyles
  A torpor snail (Lair:5)
  2 rime drakes
  2 kobold demonologists (D:11)
  7 komodo dragons
  2 minotaur zombies (Lab)
  6 freezing wraiths
  2 tengu conjurers
  A hellwing (Orc:2)
  7 trolls
  2 red devils (Orc:2)
  A harpy zombie (D:15)
  10 hornets
  A jumping spider (Lair:4)
  11 tyrant leeches
  4 polar bears
  A harpy skeleton (D:15)
  Prince Ribbit (D:6)
  17 slime creatures
  11 dream sheep
  11 bog bodies
  4 blink frogs (Lair:1)
  10 hippogriffs
  3 redbacks (Lair:4)
  A centaur simulacrum (D:15)
  Sigmund (D:2)
  A shadow (D:11)
  3 wyverns
  5 spriggans
  3 basilisks
  A human (D:9)
  43 yaks
  2 vampires
  3 wraiths
  A fire bat (shapeshifter) (D:15)
  2 fire bats (Volcano)
  6 hungry ghosts
  14 vampire mosquitoes
  4 insubstantial wisps (Swamp:2)
  10 wargs
  12 swamp worms
  A soldier ant (D:9)
  4 acid dragons
  7 water moccasins
  3 hell hounds
  A porcupine (Lair:1)
  46 orc warriors
  A hornet zombie (D:14)
  2 black bears
  3 phantoms
  4 necrophages
  An eye of draining (D:11)
  9 ice beasts (D:13)
  3 sky beasts
  17 swamp drakes
  13 ogres
  10 boggarts
  18 centaurs
  9 crocodiles
  13 wolves
  7 big kobolds
  21 bullfrogs
  Blork the orc (D:6)
  3 scorpions
  A water moccasin skeleton (D:8)
  31 killer bees
  4 howler monkeys
  14 wights
  2 electric eels
  12 crimson imps
  8 hounds
  A quasit (D:7)
  3 jellies
  Crazy Yiuf (D:6)
  A bullfrog zombie (D:5)
  3 centaur skeletons
  33 orc priests
  4 bullfrog skeletons
  An iguana (D:11)
  17 orc wizards
  A hell rat (Lair:6)
  10 worker ants
  3 hound skeletons
  A howler monkey skeleton (D:9)
  18 adders
  2 river rats (Sewer)
  A shadow imp (D:6)
  An adder zombie (D:9)
  4 worms
  An adder skeleton (D:8)
  7 dart slugs
  8 leopard geckos
  104 orcs
  10 bats
  5 giant cockroaches
  19 goblins
  7 hobgoblins
  14 jackals
  45 kobolds
  3 quokkas
  2 ball pythons
  A ball python skeleton (D:4)
  7 frilled lizards
  9 rats
  A briar patch (Swamp:3)
1057 creatures vanquished.

Vanquished Creatures (collateral kills)
  A hydra (Swamp:3)
  A swamp dragon (Swamp:3)
  A swamp worm (Swamp:3)
  2 swamp drakes (Swamp:3)
5 creatures vanquished.

Vanquished Creatures (others)
  A hydra (Swamp:4)
  A spriggan druid (Swamp:3)
  An ugly thing (D:15)
  A spriggan (Swamp:4)
  An orc warrior (Orc:2)
  An ogre (D:14)
  3 centaurs
  A worker ant (D:5)
  An adder (D:8)
  2 orcs
  A bush (Swamp:4)
  11 fungi
  11 plants
  4 toadstools (Swamp:3)
  8 withered plants
48 creatures vanquished.

Grand Total: 1110 creatures vanquished

Notes
Turn   | Place    | Note
-------+----------+-------------------------------------------
     0 | D:1      | Kuinu the Minotaur Fighter began the quest for the Orb.
     0 | D:1      | Reached XP level 1. HP: 19/19 MP: 0/0
    36 | D:1      | Reached XP level 2. HP: 16/27 MP: 1/1
   268 | D:1      | Reached XP level 3. HP: 32/33 MP: 2/2
   348 | D:1      | Found a snail-covered altar of Cheibriados.
   821 | D:2      | Noticed Sigmund
   828 | D:2      | Killed Sigmund
   828 | D:2      | Reached skill level 5 in Fighting
   828 | D:2      | Reached XP level 4. HP: 36/42 MP: 3/3
   828 | D:2      | Reached XP level 5. HP: 41/48 MP: 4/4
  1145 | D:3      | Reached XP level 6. HP: 47/56 MP: 5/5
  1409 | D:3      | Found a blossoming altar of Fedhas.
  1415 | D:3      | Reached skill level 5 in Long Blades
  1770 | D:4      | Reached skill level 5 in Shields
  1798 | D:4      | Reached skill level 5 in Armour
  1980 | D:4      | Found a sacrificial altar of Ru.
  2072 | D:4      | Found a glowing golden altar of the Shining One.
  2093 | D:4      | Reached XP level 7. HP: 63/63 MP: 6/6
  2535 | D:5      | Entered Level 5 of the Dungeon
  3501 | D:6      | Reached XP level 8. HP: 73/73 MP: 7/7
  3572 | D:6      | Got a scorched hunting sling
  3595 | D:6      | Noticed Pikel
  3612 | D:6      | Killed Pikel
  3660 | D:6      | Noticed Blork the orc
  3664 | D:6      | Killed Blork the orc
  3736 | D:6      | Noticed Prince Ribbit
  3742 | D:6      | Killed Prince Ribbit
  3762 | D:6      | Found a deep blue altar of Sif Muna.
  3808 | D:6      | Reached XP level 9. HP: 77/82 MP: 8/8
  3863 | D:6      | Found a glowing drain.
  3878 | Sewer    | Entered a sewer
  3969 | Sewer    | Found a white marble altar of Elyvilon.
  4311 | D:6      | Found a runed door.
  4498 | D:6      | Noticed Crazy Yiuf
  4502 | D:6      | Killed Crazy Yiuf
  4655 | D:7      | Found a burning altar of Makhleb.
  4656 | D:7      | Found a shimmering altar of Xom.
  4657 | D:7      | Found an opulent altar of Gozag.
  4658 | D:7      | Found an iron altar of Okawaru.
  4658 | D:7      | Found a shattered altar of Ashenzari.
  4659 | D:7      | Found a basalt altar of Yredelemnul.
  4659 | D:7      | Found a hide-covered altar of Uskayaw.
  4688 | D:7      | Found a sparkling altar of Nemelex Xobeh.
  4966 | D:7      | Paralysed by a hornet for 2 turns
  4974 | D:7      | Paralysed by a hornet for 1 turns
  4977 | D:7      | Paralysed by a hornet for 2 turns
  4981 | D:7      | Reached skill level 10 in Fighting
  5564 | D:7      | Found a staircase to the Ecumenical Temple.
  5719 | Temple   | Entered the Ecumenical Temple
  5783 | Temple   | Became a worshipper of Trog the Wrathful
  6019 | D:8      | Reached skill level 10 in Long Blades
  6123 | D:8      | Found a shadowy altar of Dithmenos.
  6132 | D:8      | Noticed Erica
  6146 | D:8      | Killed Erica
  6146 | D:8      | Reached XP level 10. HP: 75/94 MP: 9/9
  6169 | D:8      | Reached * piety under Trog
  6172 | D:8      | Noticed a two-headed ogre
  6200 | D:8      | Found a staircase to the Lair.
  6206 | D:8      | Killed a two-headed ogre
  6465 | D:8      | Found an ornate altar of the Wu Jian Council.
  6515 | D:8      | Reached ** piety under Trog
  6889 | D:9      | Noticed a manticore
  6907 | D:9      | Killed a manticore
  6907 | D:9      | Reached XP level 11. HP: 72/104 MP: 10/10
  7226 | D:9      | Reached *** piety under Trog
  7473 | D:9      | Noticed Psyche
  7480 | D:9      | Killed Psyche
  7495 | D:9      | Noticed a two-headed ogre
  7503 | D:9      | Killed a two-headed ogre
  7894 | D:10     | Entered Level 10 of the Dungeon
  7948 | D:10     | Noticed a two-headed ogre
  7964 | D:10     | Killed an unseen horror
  7972 | D:10     | Killed a two-headed ogre
  8000 | D:10     | Noticed a centaur warrior
  8006 | D:10     | Killed a centaur warrior
  8026 | D:10     | Reached skill level 10 in Shields
  8215 | D:10     | Reached skill level 10 in Armour
  8231 | D:10     | Reached **** piety under Trog
  8328 | D:10     | Found a flagged portal.
  8364 | Bailey   | Entered a bailey
  8369 | Bailey   | Noticed an orc warlord
  8478 | Bailey   | Found a runed gate.
  8485 | Bailey   | Found a runed gate.
  8486 | Bailey   | Found a runed gate.
  8656 | Bailey   | Killed an orc warlord
  8686 | Bailey   | Got a steaming hand axe
  8697 | Bailey   | Identified the cursed +2 hand axe of Uggiub {chop, rPois MR+} (You found it in a bailey)
  8703 | Bailey   | Identified the +5 hunting sling of Fejion {venom, rN+} (You found it on level 6 of the Dungeon)
  9084 | D:11     | Killed an unseen horror
  9084 | D:11     | Reached XP level 12. HP: 97/116 MP: 4/11
  9295 | D:11     | Reached ***** piety under Trog
  9497 | D:11     | Found an opulent altar of Gozag.
  9622 | D:11     | Received a gift from Trog
  9870 | D:12     | Found a labyrinth entrance.
  9899 | Lab      | Entered a labyrinth
 10407 | Lab      | Reached skill level 15 in Fighting
 10407 | Lab      | Reached XP level 13. HP: 126/126 MP: 12/12
 10412 | Lab      | Noticed a minotaur
 10430 | Lab      | Killed a minotaur
 10441 | Lab      | Reached skill level 15 in Long Blades
 11414 | D:12     | Found a staircase to the Orcish Mines.
 11835 | Lair:1   | Entered Level 1 of the Lair of Beasts
 11936 | Lair:1   | Got a smelly plate armour
 12007 | Lair:1   | Identified the +4 plate armour of Foolhardiness {Dex+4} (You found it on level 1 of the Lair of Beasts)
 12273 | Lair:1   | You fall through a shaft!
 12742 | Lair:2   | Reached XP level 14. HP: 130/136 MP: 13/13
 12743 | Lair:2   | Found a dark tunnel.
 12761 | Volcano  | Entered a volcano
 13485 | Lair:3   | Found a staircase to the Swamp.
 13537 | Lair:3   | Noticed Fannar
 13556 | Lair:3   | Killed Fannar
 13569 | Lair:3   | Identified a scroll of acquirement
 13842 | Lair:3   | Found a runed gate.
 13842 | Lair:3   | Found a runed gate.
 13843 | Lair:3   | Found a runed gate.
 13848 | Lair:3   | Noticed Kufareon's ghost (journeyman OpFi)
 13851 | Lair:3   | Noticed Bouck's ghost (journeyman MiBe)
 13851 | Lair:3   | Noticed Bouck's ghost (journeyman MiBe)
 13950 | Lair:3   | Received a gift from Trog
 14452 | Lair:4   | Found a hole to the Spider Nest.
 14452 | Lair:4   | Noticed Snorg
 14463 | Lair:4   | Killed Snorg
 15641 | Lair:5   | Found a staircase to the Slime Pits.
 16567 | Lair:6   | Entered Level 6 of the Lair of Beasts
 16618 | Lair:6   | Found a runed door.
 16623 | Lair:6   | Noticed azzavlup's ghost (journeyman MiBe)
 17337 | Lair:6   | Reached ****** piety under Trog
 17337 | Lair:6   | Received a gift from Trog
 17570 | Lair:6   | Reached XP level 15. HP: 76/147 MP: 14/14
 18386 | Lair:6   | Killed azzavlup's ghost
 19282 | D:13     | Found a gate to the Vaults.
 19518 | D:13     | Received a gift from Trog
 19866 | D:14     | Noticed Rupert
 19875 | D:14     | Killed Rupert
 20093 | D:14     | Got a pitted spear
 20157 | D:14     | Received a gift from Trog
 20307 | D:15     | Entered Level 15 of the Dungeon
 20762 | D:15     | Noticed Agnes
 20777 | D:15     | Killed Agnes
 20923 | D:15     | Reached XP level 16. HP: 100/159 MP: 15/15
 21364 | D:15     | Received a gift from Trog
 21430 | D:15     | Identified the +7 spear "Xoryo" {pierce, rF+ rC+ Dex+4} (You found it on level 14 of the Dungeon)
 21536 | D:15     | Found a staircase to the Depths.
 21797 | D:15     | Noticed Sonja
 21802 | D:15     | Killed Sonja
 22035 | Orc:1    | Entered Level 1 of the Orcish Mines
 22123 | Orc:1    | Received a gift from Trog
 22752 | Orc:1    | Noticed Maurice
 22769 | Orc:1    | Killed Maurice
 22799 | Orc:1    | Found Viytel's Magic Scroll Boutique.
 22851 | Orc:1    | Bought 2 scrolls of identify for 56 gold pieces
 22851 | Orc:1    | Bought 2 scrolls of identify for 56 gold pieces
 22851 | Orc:1    | Bought a scroll of identify for 28 gold pieces
 22851 | Orc:1    | Bought a scroll of identify for 28 gold pieces
 22851 | Orc:1    | Bought a scroll of identify for 28 gold pieces
 22851 | Orc:1    | Bought a scroll of blinking for 105 gold pieces
 22851 | Orc:1    | Bought a scroll of fear for 49 gold pieces
 22851 | Orc:1    | Bought a scroll of identify for 28 gold pieces
 22851 | Orc:1    | Bought a scroll of silence for 105 gold pieces
 22851 | Orc:1    | Bought a scroll of teleportation for 42 gold pieces
 22851 | Orc:1    | Bought a scroll of teleportation for 42 gold pieces
 23141 | Orc:2    | Entered Level 2 of the Orcish Mines
 23234 | Orc:2    | Found a staircase to the Elven Halls.
 23247 | Orc:2    | Received a gift from Trog
 23347 | Orc:2    | Found Gishad's Magic Scroll Emporium.
 23376 | Orc:2    | Found Pukhleece's General Store.
 23612 | Orc:2    | Bought a potion of heal wounds for 85 gold pieces
 23614 | Orc:2    | Bought a scroll of fear for 45 gold pieces
 23614 | Orc:2    | Bought a scroll of identify for 26 gold pieces
 23614 | Orc:2    | Bought 2 scrolls of enchant armour for 195 gold pieces
 23614 | Orc:2    | Bought a scroll of immolation for 45 gold pieces
 23614 | Orc:2    | Bought a scroll of teleportation for 39 gold pieces
 23614 | Orc:2    | Bought a scroll of silence for 97 gold pieces
 23614 | Orc:2    | Bought a scroll of teleportation for 39 gold pieces
 23614 | Orc:2    | Bought a scroll of remove curse for 39 gold pieces
 23614 | Orc:2    | Bought a scroll of immolation for 45 gold pieces
 23614 | Orc:2    | Bought a scroll of identify for 26 gold pieces
 23711 | Orc:2    | Received a gift from Trog
 23855 | Orc:2    | Found Ryramm's Antique Weapon Shop.
 23855 | Orc:2    | Found Ifigint's Gadget Boutique.
 23855 | Orc:2    | Found a one-way gate leading to the halls of Pandemonium.
 24244 | Orc:2    | Found a roughly hewn altar of Beogh.
 24811 | Swamp:1  | Entered Level 1 of the Swamp
 25606 | Swamp:1  | Received a gift from Trog
 25609 | Swamp:1  | Reached skill level 15 in Armour
 25669 | Swamp:1  | Found a runed gate.
 25669 | Swamp:1  | Noticed DEFE's ghost (journeyman DgEn)
 25671 | Swamp:1  | Found a runed gate.
 25672 | Swamp:1  | Found a runed gate.
 25696 | Swamp:1  | Noticed lurker's ghost (journeyman GnFi)
 25835 | Swamp:1  | Noticed NorthaanB's ghost (journeyman OpAs)
 25836 | Swamp:1  | Noticed Aviak's ghost (adept MiBe)
 25913 | Swamp:2  | Reached XP level 17. HP: 133/170 MP: 16/16
 26139 | Swamp:2  | Reached skill level 15 in Shields
 27472 | Swamp:3  | Received a gift from Trog
 28531 | Swamp:4  | Entered Level 4 of the Swamp
 28554 | Swamp:4  | Paralysed by a hornet for 2 turns
 30682 | Swamp:3  | Received a gift from Trog
 30686 | Swamp:3  | HP: 8/172 [poisoned by a swamp dragon (poison gas)]
 30691 | Swamp:3  | HP: 5/172 [poisoned by a swamp dragon (poison gas)]
 30696 | Swamp:3  | HP: 4/172 [poisoned by a swamp dragon (poison gas)]
 30701 | Swamp:3  | HP: 3/172 [poisoned by a swamp dragon (poison gas)]
 30706 | Swamp:3  | HP: 2/172 [poisoned by a swamp dragon (poison gas)]
 30711 | Swamp:3  | HP: 3/172 [poisoned by a swamp dragon (poison gas)]
 32002 | Swamp:4  | HP: 6/258 [bog body (8)]
 32005 | Swamp:4  | HP: 1/258 [poisoned by a swamp dragon (poison gas)]
 32006 | Swamp:4  | Succumbed to a swamp dragon's poison gas

Vault maps used:
D:1:      sevenhm_arrival_forest_fort_small_3, hangedman_decor_riveting,
          cheibriados_altar_1
D:2:      first_ration, uniq_sigmund
D:3:      kennysheep_doodads, fedhas_altar_fruit_tree
D:4:      nicolae_overflow_crystal_walls, tso_metal_star
D:5:      lemuel_flamethrower_2
D:6:      old_standard_altar, portal_sewer_entry_d, uniq_prince_ribbit1,
          uniq_blork_the_orc, uniq_pikel, uniq_crazy_yiuf_cottage
D:7:      grunt_temple_overflow_open, nemelex_xobeh_ov_fountains_minmay,
          minmay_temple_entry_nine_rooms, minmay_misc_feat_four_crosses
D:8:      lemuel_doored_altar, nicolae_dithmenos_the_darkroom,
          erik_lair_orcish_takeover, uniq_erica
D:9:      serial_undead, serial_undead_b, serial_undead_d, serial_undead_e,
          serial_undead_b, serial_undead_b, grunt_pizzeria, uniq_psyche
D:10:     enter_bailey_3
D:11:     basic_altar
D:12:     orc_0_dummy, lab_entry_generic
D:13:     david_vaults_4, portal_ice_cave_entry_ice_beasts,
          minmay_misc_feat_alley
D:14:     serial_bayou_pond_a, uniq_rupert
D:15:     grunt_enter_depths_giant_problem, minmay_crystal_room, uniq_sonja,
          uniq_agnes
Temple:   compressed_dpeg_triangle_lava_temple
Lair:1:   st_stairs_12, serial_bayou_shore_b, grunt_megastairs_4
Lair:2:   statuecave_lemuel, enter_volcano_3
Lair:3:   swamp_mist_pool, gammafunk_ghost_cemetery,
          grunt_forest_stairs_clearing, uniq_fannar
Lair:4:   spider_nest_entry_a, serial_bayou_lagoon_a, serial_bayou_shore_b,
          uniq_snorg
Lair:5:   slime_dummy, serial_bayou_shore_a, infiniplex_staircase_pool
Lair:6:   grunt_lair_end_beastmaster, ebering_ghost_reflecting_pool,
          st_stairs_13, minmay_lair_oklob_chamber, lemuel_fruit_fields
Swamp:1:  gammafunk_ghost_cemetery, evilmike_swamp_ruin_rubble_1
Swamp:2:  hangedman_swamp_ruin_hall, swamp_pool5, st_swamp_ruins_4
Swamp:3:  cheibrodos_swamp_tower_of_moss, evilmike_swamp_ruin_wall
Swamp:4:  grunt_swamp_rune_castle, swamp_pool1
Orc:1:    serial_shops, nicolae_shop_waterfront, uniq_maurice
Orc:2:    pf_orc_diabolical, basic_altar
Lab:      labyrinth_hidden_loot, labyrinth_fake_exit, nicolae_lab_grate_2
Sewer:    sewer_kobolds
Bailey:   bailey_axe_bossmonster_kennysheep, bailey
Volcano:  volcano_village

Skill      XL: |  1  2  3  4  5  6  7  8  9 10 11 12 13 14 15 16 17 |
---------------+----------------------------------------------------+-----
Fighting       | 4 5 6 7 8 10 12 13 15 17 18 20 | 20.8
Long Blades    | 3 4 5 6 8 10 11 13 14 15 17 18 19 20 | 20.7
Shields        | 4 5 6 8 9 10 11 13 14 15 | 15.6
Armour         | 4 5 6 8 9 10 11 13 14 15 | 15.7

Action                   |  1- 3 |  4- 6 |  7- 9 | 10-12 | 13-15 | 16-18 || total
-------------------------+-------+-------+-------+-------+-------+-------++-------
Melee: Long sword        |    95 |   137 |   353 |       |       |       ||   585
       Headbutt          |     9 |    29 |    66 |   118 |   425 |   339 ||   986
       Scimitar          |       |       |       |   486 |  1309 |   948 ||  2743
       Falchion          |       |       |       |       |    36 |       ||    36
       Great sword       |       |       |       |       |       |    95 ||    95
Invok: Berserk           |       |       |       |     1 |     6 |    17 ||    24
       Trog's Hand       |       |       |       |       |     3 |    19 ||    22
       Brothers in Arms  |       |       |       |       |       |     2 ||     2
 Abil: Evoke Flight      |       |       |       |       |     1 |       ||     1
Evoke: Wand              |       |       |       |       |       |     1 ||     1
  Use: Potion            |     1 |       |     4 |     2 |     5 |    17 ||    29
       Scroll            |       |       |     5 |     7 |    25 |     6 ||    43
 Stab: Distracted        |       |       |       |       |     1 |       ||     1
       Petrified         |       |       |       |       |    12 |       ||    12
  Eat: Chunk             |       |     4 |    15 |    15 |    27 |    17 ||    78
       Ration            |       |       |     1 |     2 |     3 |    13 ||    19
Armor: Scale mail        |    45 |    67 |       |       |       |       ||   112
       Fire dragon scale |       |       |   156 |   138 |    12 |       ||   306
       Chain mail        |       |       |       |    65 |    51 |       ||   116
       Plate armour      |       |       |       |       |   510 |   798 ||  1308
Dodge: Dodged            |    31 |    33 |    88 |   206 |   198 |   278 ||   834
Block: Shield            |    66 |    78 |   210 |   283 |   132 |       ||   769
       Reflection        |       |     5 |    11 |     1 |       |       ||    17
       Large shield      |       |       |       |       |  1085 |  1227 ||  2312
       Rpst.: Long sword |     5 |     4 |    23 |       |       |       ||    32
       Scimitar          |       |       |       |    38 |    40 |    20 ||    98
       Falchion          |       |       |       |       |     2 |       ||     2
       Great sword       |       |       |       |       |       |    15 ||    15

Table legend:
 A = Spawn XP
 B = Non-spawn XP
 C = Spawn XP percentage of total XP
 D = Spawn monster count
 E = Non-spawn monster count
 F = Spawn count percentage of total count
 G = Total turns spent on level
                    A         B        C        D         E        F      G
               +---------+---------+-------+---------+---------+-------+---------
         Total |       0 |  249710 |   0.0 |       0 |    1065 |   0.0 | 32006
               +---------+---------+-------+---------+---------+-------+---------
           D:1 |       0 |      55 |   0.0 |       0 |      26 |   0.0 |   582
           D:2 |       0 |     282 |   0.0 |       0 |      21 |   0.0 |   444
           D:3 |       0 |     158 |   0.0 |       0 |      33 |   0.0 |   684
           D:4 |       0 |     281 |   0.0 |       0 |      17 |   0.0 |   825
           D:5 |       0 |     637 |   0.0 |       0 |      23 |   0.0 |   958
           D:6 |       0 |    1708 |   0.0 |       0 |      19 |   0.0 |   920
           D:7 |       0 |    1105 |   0.0 |       0 |      17 |   0.0 |  1209
           D:8 |       0 |    4854 |   0.0 |       0 |      52 |   0.0 |  1032
           D:9 |       0 |    5736 |   0.0 |       0 |      46 |   0.0 |  1110
          D:10 |       0 |    4614 |   0.0 |       0 |      36 |   0.0 |   820
          D:11 |       0 |    8198 |   0.0 |       0 |      43 |   0.0 |   865
          D:12 |       0 |    4537 |   0.0 |       0 |      36 |   0.0 |  1703
          D:13 |       0 |   15861 |   0.0 |       0 |      64 |   0.0 |  1057
          D:14 |       0 |   12630 |   0.0 |       0 |      39 |   0.0 |   566
          D:15 |       0 |   26853 |   0.0 |       0 |      76 |   0.0 |  1668
        Lair:1 |       0 |    3535 |   0.0 |       0 |      15 |   0.0 |   759
        Lair:2 |       0 |    4711 |   0.0 |       0 |      21 |   0.0 |   883
        Lair:3 |       0 |    4165 |   0.0 |       0 |      19 |   0.0 |   916
        Lair:4 |       0 |    6526 |   0.0 |       0 |      17 |   0.0 |  1241
        Lair:5 |       0 |    7536 |   0.0 |       0 |      28 |   0.0 |  1085
        Lair:6 |       0 |   27253 |   0.0 |       0 |      62 |   0.0 |  1861
       Swamp:1 |       0 |   15880 |   0.0 |       0 |      34 |   0.0 |  1045
       Swamp:2 |       0 |   15264 |   0.0 |       0 |      39 |   0.0 |  1477
       Swamp:3 |       0 |   20798 |   0.0 |       0 |      45 |   0.0 |  4171
       Swamp:4 |       0 |   20121 |   0.0 |       0 |      39 |   0.0 |   502
         Orc:1 |       0 |    7985 |   0.0 |       0 |      59 |   0.0 |   595
         Orc:2 |       0 |   22460 |   0.0 |       0 |      98 |   0.0 |  1209
           Lab |       0 |    2050 |   0.0 |       0 |       3 |   0.0 |   785
         Sewer |       0 |     131 |   0.0 |       0 |       9 |   0.0 |   147
        Bailey |       0 |    2107 |   0.0 |       0 |      21 |   0.0 |   387
       Volcano |       0 |    1679 |   0.0 |       0 |       8 |   0.0 |   417
               +---------+---------+-------+---------+---------+-------+---------
